 Dungeon Crawl Stone Soup version 0.31-a0-691-g409c26aa35 (webtiles) character file.

Game seed: 9446656645825980089

1488 cforsyth the Fighter (level 9, -1/70 HPs)
             Began as a Djinni Chaos Knight on Sept 6, 2023.
             Was a Plaything of Xom.
             Slain by a killer bee (4 damage)
             ... on level 6 of the Dungeon.
             The game lasted 00:08:23 (5007 turns).

cforsyth the Fighter (Djinni Chaos Knight)          Turns: 5007, Time: 00:08:23

Health: -1/70      AC:  5    Str: 11      XL:     9   Next: 7%
Gold:   11         EV: 11    Int: 18      God:    Xom [...*..] SH:  0 Dex: 12 (13)

rFire   + + .        j - +2 short sword (drain)
rCold   x . .        (no shield)
rNeg    . . .        v - +2 leather armour of Life {Will+}
rPois   ∞            (no helmet)
rElec   .            (no cloak)
rCorr   .            (no gloves)
SInv    .            (boots unavailable)
Will    +....        (no amulet)
Stlth   +            d - ring of wizardry
HPRegen 0.31/turn    (no ring)
MPRegen 0.00/turn

%: wizardry (x1), infuse magic (-2 HP)
@: cleaving, flying
A: sickness immunity, fire resistance 2, cold vulnerability 1, float, innate
caster, HP casting, extra vitality 1
a: Renounce Religion


You were on level 6 of the Dungeon.
You worshipped Xom.
You were a favourite toy of Xom.
You visited 1 branch of the dungeon, and saw 6 of its levels.

You collected 330 gold pieces.
You spent 319 gold pieces at shops.

Inventory:

Hand Weapons
 a - a +0 falchion of chaos
 j - a +2 short sword of draining (weapon)
 o - a +4 short sword
Missiles
 p - a silver javelin
Armour
 b - a +2 leather armour
 v - the +2 leather armour of Life (worn) {Will+}
   (You bought it in a shop on level 3 of the Dungeon)

   Will+:     It increases your willpower.
Jewellery
 d - a ring of wizardry (left hand)
Scrolls
 c - a scroll of butterflies
 g - 3 scrolls of revelation {unknown}
 h - 4 scrolls of teleportation {unknown}
 r - a scroll of brand weapon {unknown}
 u - a scroll of vulnerability {unknown}
Potions
 e - 2 potions of mutation
 f - 3 potions of lignification
 k - a potion of heal wounds
 l - a potion of berserk rage {unknown}
 n - a potion of degeneration {unknown}
 q - 4 potions of curing
 s - 2 potions of might
 t - a potion of enlightenment {unknown}


   Skills:
 + Level 8.1 Fighting
 - Level 2.7 Long Blades
 - Level 1.0 Armour
 - Level 2.2 Dodging
 + Level 5.4 Spellcasting
 + Level 5.4 Conjurations
 + Level 5.4 Hexes
   Level 0.0 Charms
 + Level 5.4 Summonings
 + Level 5.4 Necromancy
 + Level 5.4 Translocations
 + Level 5.4 Transmutations
 + Level 5.4 Fire Magic
 + Level 5.4 Ice Magic
 + Level 5.4 Air Magic
 + Level 5.4 Earth Magic
 + Level 5.4 Poison Magic


You knew the following spells:

 Your Spells              Type           Power      Damage    Failure   Level
a - Sting                 Tmut/Pois      96%        1d7       1%          1
b - Ensorcelled Hibernat  Hex/Ice        48%        N/A       1%          2
c - Portal Projectile     Hex/Tloc       48%        N/A       2%          3
d - Stone Arrow           Conj/Erth      48%        3d10      2%          3
Your spell library was empty.

Dungeon Overview and Level Annotations

Branches:
Dungeon (6/15)
 Temple: D:4-7

Altars:
Ashenzari
Fedhas
Qazlal
Ru
Xom
Yredelemnul
Zin
The Shining One

Shops:
D:3 *


Innate Abilities, Weirdness & Mutations

You are immune to sickness and miasma.
You are immune to poison.
Your flesh is very heat resistant. (rF++)
You are vulnerable to cold. (rC-)
You float through the air rather than walking.
You learn spells naturally, not from books.
Your magical power is your life essence.
You have superior vitality. (+4 MHP)


Message History

You see here a +0 plate armour.
Casting: Stone Arrow (mildly dangerous; 2% risk of failure)
Confirm with . or Enter, or press ? or * to list all spells.
Aiming: Stone Arrow (mildly dangerous; 2% risk of failure)
Press: ? - help, Shift-Dir - straight line, f - killer bee
Aim: a killer bee (ally target, 43% to hit)
The stone arrow misses the killer bee.
* * * LOW HITPOINT WARNING * * *
Something stings your butterfly!
Your butterfly dies!
Your butterfly disappears in a burst of colours!
The killer bee completely misses you. The killer bee stings you.
* * * LOW HITPOINT WARNING * * *
Casting: Stone Arrow (mildly dangerous; 2% risk of failure)
Confirm with . or Enter, or press ? or * to list all spells.
Aiming: Stone Arrow (mildly dangerous; 2% risk of failure)
Press: ? - help, Shift-Dir - straight line, f/p - killer bee
Aim: a killer bee (ally target, 43% to hit)
The stone arrow hits the killer bee!
The killer bee is heavily wounded.
* * * LOW HITPOINT WARNING * * *
The killer bee closely misses something.
The killer bee stings your butterfly!
Your butterfly dies!
Your butterfly disappears in a burst of colours!
The killer bee misses you. The killer bee stings your butterfly.
Your butterfly dies!
Your butterfly disappears in a burst of colours!
The killer bee stings you.
* * * LOW HITPOINT WARNING * * *
Casting: Stone Arrow (mildly dangerous; 2% risk of failure)
Confirm with . or Enter, or press ? or * to list all spells.
Aiming: Stone Arrow (mildly dangerous; 2% risk of failure)
Press: ? - help, Shift-Dir - straight line, f/p - killer bee
Aim: a killer bee (heavily wounded, ally target, 43% to hit)
The stone arrow misses the killer bee.
* * * LOW HITPOINT WARNING * * *
The killer bee stings you.
You die...
Xom chuckles heartily!

#.# ##.#.#.########### #.#
#......b.........# #.#
#...≈≈≈b≈≈≈≈≈....# #.#
#...≈....bb.§..... #.#
#...§.♣♣♣y♣§≈§.... #.#
#...≈.♣..y♣.≈....O #.#
#...≈.♣b_.♣.≈.....
#.########...≈.♣byb♣.≈....#
.......<.....≈§♣@♣♣♣§§.#.##
#...........§≈§.b....≈.#..!
#.............≈≈≈≈≈≈≈§.. .#
....######........b.....
##..# #...##..####### ##..#
#...##### ..<.# #...# ###.#
#...# .. .# #...#


You could see 3 killer bees.

Vanquished Creatures
  A yak (D:5)
  3 ice beasts
  An ogre (D:5)
  A scorpion (D:5)
  2 killer bees (D:6)
  A howler monkey (D:4)
  A hound (D:5)
  A sleepcap (D:5)
  3 iguanas
  An orc wizard (D:3)
  4 gnolls (D:4)
  9 adders
  A white imp (D:3)
  2 ufetubi (D:5)
  3 worms
  A dart slug (D:5)
  An orc (D:3)
  2 bat zombies (D:4)
  5 endoplasms (D:2)
  3 giant cockroaches
  6 hobgoblins
  3 jackals (D:1)
  5 quokkas
  12 ball pythons
  9 bats
  2 frilled lizards
  5 goblins
  7 kobolds
  4 rats
99 creatures vanquished.

Vanquished Creatures (collateral kills)
  3 yaks (D:5)
  An ufetubus (D:3)
  2 orcs (D:3)
6 creatures vanquished.

Grand Total: 105 creatures vanquished

Notes
Turn   | Place    | Note
-------+----------+-------------------------------------------
     0 | D:1      | cforsyth the Djinni Chaos Knight began the quest for the
                  | Orb.
     0 | D:1      | Reached XP level 1. HP: 20/20 MP: 0/0
    82 | D:1      | Reached XP level 2. HP: 15/25 MP: 0/0
   287 | D:1      | Reached skill level 1 in Spellcasting
   287 | D:1      | Reached skill level 1 in Conjurations
   287 | D:1      | Reached skill level 1 in Hexes
   287 | D:1      | Reached skill level 1 in Summonings
   287 | D:1      | Reached skill level 1 in Necromancy
   287 | D:1      | Reached skill level 1 in Translocations
   287 | D:1      | Reached skill level 1 in Transmutations
   287 | D:1      | Reached skill level 1 in Fire Magic
   287 | D:1      | Reached skill level 1 in Ice Magic
   287 | D:1      | Reached skill level 1 in Air Magic
   287 | D:1      | Reached skill level 1 in Earth Magic
   287 | D:1      | Reached skill level 1 in Poison Magic
   367 | D:1      | XOM: silly message
   450 | D:2      | Reached XP level 3. HP: 30/30 MP: 0/0
   450 | D:2      | Learned a level 1 spell: Sting
   625 | D:2      | XOM: silly message
   685 | D:2      | Found a sacrificial altar of Ru.
   843 | D:2      | Reached XP level 4. HP: 37/37 MP: 0/0
  1023 | D:3      | Reached skill level 4 in Fighting
  1392 | D:3      | Identified the +2 pair of boots of Lochaq {rElec Str+3
                  | Int+3}
  1429 | D:3      | XOM: cast spell 'Summon Hydra'
  1471 | D:3      | Reached XP level 5. HP: 17/42 MP: 0/0
  1471 | D:3      | Learned a level 2 spell: Ensorcelled Hibernation
  1546 | D:3      | XOM: god gift: silver javelin
  1711 | D:3      | Found Mempoutt's General Store.
  1873 | D:3      | XOM: god gift: knobbly runed staff {god gift}
  1888 | D:3      | XOM: summons 4 hostile shadow creatures
  2160 | D:4      | XOM: god gift: runed dagger {god gift}
  2166 | D:4      | XOM: god gift: 47 gold pieces
  2297 | D:4      | Reached XP level 6. HP: 46/49 MP: 0/0
  2365 | D:4      | Reached skill level 5 in Fighting
  2581 | D:4      | XOM: silly message
  2922 | D:4      | Found a basalt altar of Yredelemnul.
  3183 | D:5      | Entered Level 5 of the Dungeon
  3257 | D:5      | Found a blossoming altar of Fedhas.
  3268 | D:5      | Found a stormy altar of Qazlal.
  3275 | D:5      | XOM: summons 6 friendly demons
  3330 | D:5      | Noticed a yak
  3330 | D:5      | Noticed a yak
  3330 | D:5      | Noticed a yak
  3330 | D:5      | Noticed a yak
  3354 | D:5      | XOM: fake destruction
  3356 | D:5      | XOM: cast spell 'Summon Hydra'
  3358 | D:5      | Killed a yak
  3359 | D:5      | Reached XP level 7. HP: 36/55 MP: 0/0
  3359 | D:5      | Learned a level 3 spell: Portal Projectile
  3359 | D:5      | Killed a yak
  3360 | D:5      | Reached skill level 6 in Fighting
  3362 | D:5      | Killed a yak
  3363 | D:5      | Reached XP level 8. HP: 42/62 MP: 0/0
  3364 | D:5      | Killed a yak
  3365 | D:5      | Reached skill level 7 in Fighting
  3421 | D:5      | XOM: noise
  3558 | D:5      | Found a broken altar of Ashenzari.
  3702 | D:5      | XOM: noise
  3719 | D:5      | XOM: noise
  3736 | D:5      | Reached skill level 5 in Spellcasting
  3736 | D:5      | Reached skill level 5 in Conjurations
  3736 | D:5      | Reached skill level 5 in Hexes
  3736 | D:5      | Reached skill level 5 in Summonings
  3736 | D:5      | Reached skill level 5 in Necromancy
  3736 | D:5      | Reached skill level 5 in Translocations
  3736 | D:5      | Reached skill level 5 in Transmutations
  3736 | D:5      | Reached skill level 5 in Fire Magic
  3736 | D:5      | Reached skill level 5 in Ice Magic
  3736 | D:5      | Reached skill level 5 in Air Magic
  3736 | D:5      | Reached skill level 5 in Earth Magic
  3736 | D:5      | Reached skill level 5 in Poison Magic
  3742 | D:5      | XOM: silly message
  3857 | D:5      | XOM: 8-stop teleportation journey
  3957 | D:5      | XOM: summons 4 hostile demons
  4105 | D:5      | XOM: silly message
  4237 | D:5      | Found a sacrificial altar of Ru.
  4645 | D:5      | XOM: scenery: create altars
  4804 | D:6      | Found a glowing golden altar of the Shining One.
  4828 | D:6      | Reached skill level 8 in Fighting
  4828 | D:6      | Reached XP level 9. HP: 39/70 MP: 0/0
  4828 | D:6      | Learned a level 3 spell: Stone Arrow
  4904 | D:3      | Bought the +2 leather armour of Life {Will+} for 295 gold
                  | pieces
  4904 | D:3      | Bought a scroll of identify for 24 gold pieces
  4980 | D:6      | Found a glowing silver altar of Zin.
  4994 | D:6      | XOM: cleaving
  5007 | D:6      | Slain by a killer bee

Illustrated notes

Levels and vault maps discovered:
D:1:      lightli_arrival_statuegarden, layout_rooms, serial_glass,
          glass_columns_a, glass_columns_a, minmay_distorted
D:2:      layout_rooms, basic_altar, nicolae_concentric_dashed_squares_mild,
          minmay_between
D:3:      layout_basic, serial_curves, eino_curves_02, eino_curves_02,
          serial_shops, shop
D:4:      layout_layer_cave, lemuel_zombie_altar_kikubaaqudgha,
          kennysheep_mini_moat
D:5:      layout_basic, nicolae_ashenzari_skybound, old_standard_altar,
          grunt_temple_overflow_forces_of_nature, serial_curves, eino_curves_01,
          eino_curves_01, nicolae_elevator_lobby_plus
D:6:      layout_loops_cross, mainiacjoe_overflow_brackets,
          dancing_weapons_uskayaw, tso_metal_star, mainiacjoe_overflow_alcove_1,
          lightli_church_of_beogh

Skill      XL: |  1  2  3  4  5  6  7  8 |
---------------+-------------------------+-----
Spellcasting   | 1 2 3 4 5 |  5.4
Conjurations   | 1 2 3 4 5 |  5.4
Hexes          | 1 2 3 4 5 |  5.4
Summonings     | 1 2 3 4 5 |  5.4
Necromancy     | 1 2 3 4 5 |  5.4
Translocations | 1 2 3 4 5 |  5.4
Transmutations | 1 2 3 4 5 |  5.4
Fire Magic     | 1 2 3 4 5 |  5.4
Ice Magic      | 1 2 3 4 5 |  5.4
Air Magic      | 1 2 3 4 5 |  5.4
Earth Magic    | 1 2 3 4 5 |  5.4
Poison Magic   | 1 2 3 4 5 |  5.4
Fighting       | 4 5 6 8 |  8.1
Long Blades    | |  2.7
Armour         | |  1.0
Dodging        | |  2.2

Action                     |  1- 3 |  4- 6 |  7- 9 || total
---------------------------+-------+-------+-------++-------
  Melee: Falchion          |    82 |       |       ||    82
         Short sword       |    29 |   198 |   120 ||   347
         Punch             |       |     2 |       ||     2
   Cast: Stone Arrow       |       |       |     9 ||     9
  Evoke: Wand              |       |     3 |     2 ||     5
    Use: Scroll            |       |       |     6 ||     6
   Stab: Invisible         |       |     2 |     1 ||     3
         Distracted        |       |     1 |       ||     1
 Armour: Leather armour    |    60 |       |    16 ||    76
         Plate armour      |    62 |   215 |   174 ||   451
  Dodge: Dodged            |    54 |    11 |    24 ||    89

Table legend: (Time is in decaauts)
 A = Elapsed time spent in this place.
 B = Non-inter-level travel time spent in this place.
 C = Inter-level travel time spent in this place.
 D = Time resting spent in this place.
 E = Time spent auto-exploring this place.
 F = Levels seen in this place.
 G = Mean time per level.
                   A        B        C        D        E       F      G
               +--------+--------+--------+--------+--------+-----+--------+
         Total |   4995 |   4669 |    326 |     79 |   3635 |   6 |  832.5 |
       Dungeon |   4995 |   4669 |    326 |     79 |   3635 |   6 |  832.5 |
               +--------+--------+--------+--------+--------+-----+--------+

Top non-repeatable levels by time:
     D:5: 1590 daAuts
     D:4: 1248 daAuts
     D:3: 946 daAuts
     D:2: 624 daAuts
     D:1: 454 daAuts
     D:6: 132 daAuts
